 Dungeon Crawl Stone Soup version 0.21.1-1-g345015f (webtiles) character file.

112 eccles the Shooter (level 4, 0/36 HPs)
             Began as a Centaur Hunter on June 29, 2018.
             Slain by an orc priest (2 damage)
             ... on level 3 of the Dungeon on July 2, 2018.
             The game lasted 00:17:30 (2045 turns).

eccles the Shooter (Centaur Hunter)                 Turns: 2045, Time: 00:17:31

Health: 0/36       AC: 10    Str: 16 (17) XL:     4   Next: 64%
Magic:  4/4        EV:  5    Int: 12 (13) God:
Gold:   121        SH:  6    Dex: 10 (12) Spells: 3/3 levels left

rFire    . . .     SeeInvis .   b - +0 short sword
rCold    + . .     Gourm    .   (no shield)
rNeg     . . .     Faith    .   o - +2 chain mail {rC+}
rPois    +         Spirit   .   e - +0 helmet {Int+3}
rElec    .         Reflect  +   (no cloak)
rCorr    .         Harm     .   (no gloves)
MR       .....                  (no barding)
Stlth    ..........             v - +6 amulet of reflection
HPRegen  0.12/turn              A - ring of stealth
MPRegen  0.09/turn              (no ring)

@: very quick
A: large, hooves 3, agile 1, deformed body, speed 2, poison resistance, strong
1, tough skin 3
a: no special abilities


You were on level 3 of the Dungeon.
You were not hungry.

You visited 1 branch of the dungeon, and saw 3 of its levels.

You collected 121 gold pieces.

Inventory:

Hand Weapons
 a - a +2 shortbow
 b - a +0 short sword (weapon)
Missiles
 d - 18 arrows
 t - 6 tomahawks (quivered)
Armour
 c - a +0 leather armour
 e - a +0 helmet of intelligence (worn)
 j - a +0 ring mail
 o - a +2 chain mail of cold resistance (worn)
Jewellery
 v - a +6 amulet of reflection (around neck)
 A - a ring of stealth (left hand)
Wands
 g - a wand of polymorph (13)
Scrolls
 i - a scroll of random uselessness
 l - 2 scrolls of remove curse
 p - 2 scrolls of teleportation
 r - 2 scrolls of identify
Potions
 z - a potion of flight
Comestibles
 f - 3 rations
 n - 4 chunks of flesh


   Skills:
 + Level 2.2 Fighting
 + Level 0.5 Short Blades
 + Level 7.3 Bows
 + Level 0.1 Throwing
 + Level 0.8 Armour
 + Level 1.7 Dodging
 + Level 0.4 Stealth


You had 3 spell levels left.
You didn't know any spells.

Dungeon Overview and Level Annotations

Branches:
Dungeon (3/15)

Altars:


Innate Abilities, Weirdness & Mutations

You have hooves in place of feet.
Armour fits poorly on your strangely shaped body.
You cover ground very quickly.
You have extremely tough skin. (AC +3)
You are agile. (Dex +2)
Your system is resistant to poisons. (rPois)
Your muscles are strong. (Str +2)


Message History

The orc priest hits you but does no damage.
You barely miss the orc priest.
The orc priest is heavily wounded.
The orc priest hits you.
* * * LOW HITPOINT WARNING * * *
Okay, then.
You hit the orc priest but do no damage.
The orc priest is heavily wounded.
The orc priest closely misses you.
You hit the orc priest but do no damage.
The orc priest is heavily wounded.
The orc priest hits you.
* * * LOW HITPOINT WARNING * * *
You barely miss the orc priest.
The orc priest is heavily wounded.
The orc priest hits you but does no damage.
You completely miss the orc priest. You kick the orc priest.
The orc priest is heavily wounded.
The orc priest hits you.
You die...

#.)(.(.. ....... ##.(...##
#######.......#
#....##....$..###.=
#....##....(...).
#####....# #...o..#
#........# #..@.# ...
#........# #....# ......
#........# ##...# ......
#........## #....# .......#
##.........###.#..##..[....
#..#.......##..#..#.......#
..##..........##.....#....#
####.......#[###.....#....#
...#.......#........##....#


You could see an orc priest.

Vanquished Creatures
  Jessica (D:3)
  4 adders
  A worm (D:3)
  A dart slug (D:2)
  The ghost of tidbits the Grave Robber, a weakling GnNe (D:3)
  A leopard gecko (D:2)
  2 orcs (D:3)
  4 giant cockroaches
  3 goblins (D:2)
  7 hobgoblins
  5 kobolds
  3 ball pythons
  4 bats
  2 frilled lizards
  4 rats
43 creatures vanquished.

Notes
Turn   | Place    | Note
-------+----------+-------------------------------------------
     0 | D:1      | eccles the Centaur Hunter began the quest for the Orb.
     0 | D:1      | Reached XP level 1. HP: 17/17 MP: 1/1
   552 | D:2      | Reached XP level 2. HP: 24/24 MP: 2/2
   579 | D:2      | Reached skill level 6 in Bows
   862 | D:2      | Reached XP level 3. HP: 29/29 MP: 3/3
   987 | D:2      | You fall through a shaft!
  1019 | D:3      | Noticed Jessica
  1024 | D:3      | Killed Jessica
  1087 | D:3      | Noticed tidbits's ghost (weakling GnNe)
  1094 | D:3      | Killed tidbits's ghost
  1163 | D:3      | Reached XP level 4. HP: 32/36 MP: 4/4
  1269 | D:3      | Reached skill level 7 in Bows
  1870 | D:2      | Gained mutation: Your muscles are strong. (Str +2) [potion of mutation]
  1870 | D:2      | Gained mutation: Your system is resistant to poisons. (rPois) [potion of mutation]
  1870 | D:2      | Gained mutation: You are agile. (Dex +2) [potion of mutation]
  2043 | D:3      | HP: 1/36 [orc priest (3)]
  2045 | D:3      | Slain by an orc priest

Skill      XL: |  1  2  3  4 |
---------------+-------------+-----
Bows           | 6 7 |  7.3
Fighting       | |  2.2
Short Blades   | |  0.5
Throwing       | |  0.1
Armour         | |  0.8
Dodging        | |  1.7
Stealth        | |  0.4

Action                   |  1- 3 |  4- 6 || total
-------------------------+-------+-------++-------
Melee: Short sword       |    35 |    29 ||    64
       Kick              |     6 |     4 ||    10
 Fire: Shortbow          |    60 |    43 ||   103
Throw: Tomahawk          |     3 |     2 ||     5
  Use: Potion            |     1 |     7 ||     8
       Scroll            |     2 |     9 ||    11
  Eat: Chunk             |       |     2 ||     2
Armor: Chain mail        |    37 |    28 ||    65
       Ring mail         |     5 |       ||     5
Dodge: Dodged            |    14 |     9 ||    23
Block: Other             |     3 |    10 ||    13
